 Dungeon Crawl Stone Soup version 0.30-a0-802-gb92711bcdf (webtiles) character file.

Game seed: 18051988606711921057

164 cforsyth the Sneak (level 5, -2/32 HPs)
             Began as a Kobold Brigand on Feb 23, 2023.
             Killed from afar by an orc wizard (14 damage)
             ... with a puff of flame
             ... on level 3 of the Dungeon.
             The game lasted 00:04:21 (2977 turns).

cforsyth the Sneak (Kobold Brigand)                 Turns: 2977, Time: 00:04:22

Health: -2/32      AC:  6    Str:  8    XL:     5   Next: 73%
Magic:  5/5        EV: 15    Int: 13    God:
Gold:   155        SH:  0    Dex: 18    Spells: 4/4 levels left

rFire   . . .      SeeInvis .    a - +2 dagger
rCold   . . .      Faith    .    (no shield)
rNeg    . . .      Spirit   .    b - +0 robe
rPois   .          Reflect  .    r - +2 helmet
rElec   .          Harm     .    c - +0 cloak
rCorr   .          Rampage  .    (no gloves)
Will    .....                    (no boots)
Stlth   +++++                    (no amulet)
HPRegen 0.25/turn                (no ring)
MPRegen 0.09/turn                (no ring)

@: no status effects
A: small, no large weapons, nightstalker 3
a: no special abilities


You were on level 3 of the Dungeon.
You visited 1 branch of the dungeon, and saw 4 of its levels.

You collected 155 gold pieces.

Inventory:

Hand Weapons
 a - a +2 dagger (weapon)
 n - the +10 hammer of Tasoebe {heavy, rElec}
   (You found it on level 2 of the Dungeon)

   rElec:     It insulates you from electricity.
Missiles
 d - 14 poisoned darts (quivered)
 e - 3 curare-tipped darts
 i - a throwing net
Armour
 b - a +0 robe (worn)
 c - a +0 cloak (worn)
 r - a +2 helmet (worn)
Jewellery
 p - a +6 ring of dexterity
Scrolls
 f - 2 scrolls of identify {unknown}
 g - 2 scrolls of teleportation {unknown}
 h - a scroll of fear
 j - a scroll of immolation {unknown}
 k - 2 scrolls of magic mapping {unknown}
 q - a scroll of vulnerability {unknown}
Potions
 l - a potion of ambrosia {unknown}
 m - 2 potions of brilliance {unknown}
 o - a potion of mutation {unknown}
 s - 2 potions of curing {unknown}


   Skills:
 + Level 3.5 Fighting
 + Level 4.3 Short Blades
 - Level 2.1 Throwing
 + Level 3.1 Dodging
 + Level 6.4 Stealth


You had 4 spell levels left.
You didn't know any spells.
Your spell library was empty.

Dungeon Overview and Level Annotations

Branches:
Dungeon (4/15)
 Temple: D:4-7

Altars:
Gozag

Shops:
D:1 ?

Annotations:
D:2 1 runed translucent door, Crazy Yiuf


Innate Abilities, Weirdness & Mutations

You are small and have problems with some larger weapons.
You are completely attuned to the shadows.


Message History

The kobold throws a poisoned dart.
The poisoned dart hits you!
You are poisoned.
The orc wizard casts a spell at you. The puff of flame hits you.
You climb upwards.
You feel very sick.
There is a stone staircase leading down here.
You hit the orc wizard but do no damage.
You feel sick. The orc wizard completely misses you.
You hit the orc wizard.
The orc wizard is lightly wounded.
You feel sick.
The orc wizard hits you but does no damage.
You hit the orc wizard.
The orc wizard is heavily wounded.
You feel sick.
The orc wizard mumbles some strange words.
The orc wizard flickers and vanishes!
Deactivating autopickup; reactivate with Ctrl-A.
No target in view!
No target in view!
You closely miss something.
You feel sick. Something hits you but does no damage.
You completely miss something.
You feel sick.
You miss something. Something hits you but does no damage.
You completely miss something.
You feel sick. Something hits you but does no damage.
You barely miss something.
You feel sick.
You hear some strange, mumbled words.
A magic dart appears from out of thin air!
The magic dart hits you.
You closely miss something.
You feel sick.
You are no longer poisoned.
You hit something. Something hits you but does no damage.
You hit something. Something hits you but does no damage.
You hit something.
You hear some strange, mumbled words.
A puff of flame appears from out of thin air!
The puff of flame hits you!
You die...

#...# ##........# #####
#...########.........#### #....
#.......................###....
#...#########........##........
#...# #################.. #...##
#.. #....# ######## #.. #....#
##..[...# #.. ####.######...@...#
#.. #..#.......{...# #####.#
#######...#####..#### ##...#.#
...##.<...####..## ##......#
...........##..##########.......#
........)^..#.####.....##.......#
.................................
............#.##.........#......#
.....)......#.##......>..........


There were no monsters in sight!

Vanquished Creatures
  Robin (D:3)
  7 adders
  A worm (D:2)
  5 dart slugs
  3 orcs (D:3)
  8 endoplasms
  A giant cockroach (D:1)
  14 goblins
  3 hobgoblins
  3 jackals (D:3)
  A quokka (D:1)
  11 ball pythons
  5 bats
  5 frilled lizards
  2 kobolds
  4 rats
74 creatures vanquished.

Notes
Turn   | Place    | Note
-------+----------+-------------------------------------------
     0 | D:1      | cforsyth the Kobold Brigand began the quest for the Orb.
     0 | D:1      | Reached XP level 1. HP: 12/12 MP: 1/1
    39 | D:1      | Found a faded altar of an unknown god.
   170 | D:1      | Reached XP level 2. HP: 18/18 MP: 2/2
   465 | D:1      | Reached XP level 3. HP: 22/22 MP: 3/3
   468 | D:1      | Found Ytilayfo's Magic Scroll Shoppe.
  1112 | D:2      | Reached XP level 4. HP: 23/27 MP: 4/4
  1376 | D:2      | Identified the +10 hammer of Tasoebe {heavy, rElec}
  1380 | D:2      | Found a runed translucent door.
  1383 | D:2      | Noticed Crazy Yiuf
  1481 | D:2      | Reached skill level 6 in Stealth
  1993 | D:3      | Reached XP level 5. HP: 27/32 MP: 5/5
  2161 | D:3      | Found an opulent altar of Gozag.
  2303 | D:3      | Noticed Robin
  2744 | D:3      | Killed Robin
  2977 | D:3      | Killed from afar by an orc wizard

Illustrated notes

Levels and vault maps discovered:
D:1:      dpeg_arrival_short_road, layout_loops_ring, basic_ecumenical_altar,
          serial_shops, nicolae_shop_stone
D:2:      layout_loops_ring, uniq_crazy_yiuf_cottage
D:3:      layout_rooms, lemuel_doored_altar, uniq_robin
D:4:      layout_basic, mainiacjoe_overflow_24_doors, vehumet_statue,
          serial_shops, nicolae_shop_crystal

Skill      XL: |  1  2  3  4  5 |
---------------+----------------+-----
Short Blades   | 3 4 |  4.3
Dodging        | 2 3 |  3.1
Fighting       | 3 |  3.5
Stealth        | 6 |  6.4
Throwing       | |  2.1

Action                     |  1- 3 |  4- 6 || total
---------------------------+-------+-------++-------
  Melee: Dagger            |    69 |   181 ||   250
         Punch             |       |     1 ||     1
    Use: Scroll            |       |     1 ||     1
   Stab: Sleeping          |    16 |     8 ||    24
         Distracted        |     1 |       ||     1
 Armour: Robe              |     5 |    41 ||    46
  Dodge: Dodged            |    28 |   127 ||   155

Table legend: (Time is in decaauts)
 A = Elapsed time spent in this place.
 B = Non-inter-level travel time spent in this place.
 C = Inter-level travel time spent in this place.
 D = Time resting spent in this place.
 E = Time spent auto-exploring this place.
 F = Levels seen in this place.
 G = Mean time per level.
                   A        B        C        D        E       F      G
               +--------+--------+--------+--------+--------+-----+--------+
         Total |   2932 |   2823 |    109 |    275 |   2020 |   4 |  733.0 |
       Dungeon |   2932 |   2823 |    109 |    275 |   2020 |   4 |  733.0 |
               +--------+--------+--------+--------+--------+-----+--------+

Top non-repeatable levels by time:
     D:2: 1234 daAuts
     D:1: 854 daAuts
     D:3: 810 daAuts
     D:4: 32 daAuts
